 Dungeon Crawl Stone Soup version 0.27.1-35-g4d5d836560 (webtiles) character file.

Game seed: 8488064443016899873

1621 CrazyMind the Digger (level 8, -11/50 HPs)
             Began as an Octopode Earth Elementalist on July 9, 2022.
             Was an Initiate of Gozag.
             Killed from afar by a steam dragon (23 damage)
             ... with a ball of steam
             ... on level 7 of the Dungeon.
             The game lasted 00:26:14 (7867 turns).

CrazyMind the Digger (Octopode Earth Elementalist)  Turns: 7867, Time: 00:26:17

Health: -11/50     AC:  1    Str:  8    XL:     8   Next: 96%
Magic:  4/16       EV: 13    Int: 19    God:    Gozag
Gold:   316        SH:  0    Dex: 12    Spells: 10/18 levels left

rFire    . . .     SeeInvis .   r - +6 falchion of Optimality {protect, rElec rC++}
rCold    + + .     Faith    .   (no shield)
rNeg     . . .     Spirit   .   (helmet restricted)
rPois    .         Reflect  .   (no amulet)
rElec    +         Harm     .   (no ring)
rCorr    .         Rampage  .   (no ring)
Will     .....                  (no ring)
Stlth    ++++......             (no ring)
HPRegen  0.16/turn              (no ring)
MPRegen  0.15/turn              (no ring)
                                (no ring)
                                (no ring)

@: mighty, brilliant, gold aura
A: almost no armour, amphibious, 8 rings, camouflage 1, gelatinous body 1,
(nimble swimmer 1), tentacles
a: Renounce Religion, Potion Petition, Call Merchant, Bribe Branch


You were on level 7 of the Dungeon.
You worshipped Gozag.
Gozag was aware of your devotion.
You visited 2 branches of the dungeon, and saw 8 of its levels.

You collected 678 gold pieces.
You paid 362 gold pieces to Gozag.

Inventory:

Hand Weapons
 r - the +6 falchion of Optimality (weapon) {protect, rElec rC++}
   (You found it on level 5 of the Dungeon)

   It grants its wielder temporary protection when it strikes (+7 to AC).
   rC:        It greatly protects you from cold.
   rElec:     It insulates you from electricity.
 s - a +1 dagger of speed
 y - a +2 dagger of draining
Missiles
 b - 47 stones
 l - 12 boomerangs
 n - 3 throwing nets
 t - 25 poisoned darts (quivered)
 x - 2 silver boomerangs
Scrolls
 c - a scroll of enchant weapon
 d - a scroll of fear {unknown}
 g - 3 scrolls of teleportation
 j - a scroll of vulnerability {unknown}
 m - 7 scrolls of identify
 q - a scroll of noise {unknown}
 u - a scroll of acquirement {unknown}
Potions
 a - 3 potions of ambrosia
 f - a potion of heal wounds {unknown}
 h - a potion of flight {unknown}
 i - a potion of might {unknown}
 k - 3 potions of curing {unknown}
 o - 2 potions of lignification {unknown}
 p - 2 potions of attraction {unknown}
 v - a potion of degeneration {unknown}
 w - a potion of brilliance {unknown}


   Skills:
 + Level 1.8 Fighting
 * Level 3.1 Long Blades
 + Level 3.2 Dodging
 + Level 5.3 Stealth
 * Level 5.9 Spellcasting
 * Level 3.9 Conjurations
 - Level 2.0 Translocations
 - Level 1.0 Transmutations
 * Level 5.9 Earth Magic


You had 10 spell levels left.
You knew the following spells:

 Your Spells              Type           Power      Damage    Failure   Level
a - Sandblast             Erth           84%        2d18      1%          1
b - Passwall              Tmut/Erth      23%        N/A       4%          2
c - Stone Arrow           Conj/Erth      72%        3d11      4%          3
d - Blink                 Tloc           N/A        N/A       8%          2

Your spell library contained the following spells:

 Spells                   Type           Power      Damage    Failure   Level
 Corona                   Hex            8%         N/A       12%         1
 Gell's Gravitas          Tloc           9%         N/A       16%         3
 Teleport Other           Tloc           19%        N/A       16%         3
 Ensorcelled Hibernation  Hex/Ice        16%        N/A       17%         2
 Slow                     Hex            8%         N/A       17%         2
 Petrify                  Tmut/Erth      28%        N/A       26%         4
 Confusing Touch          Hex            8%         N/A       34%         3
 Tukima's Dance           Hex            8%         N/A       34%         3
 Vampiric Draining        Necr           4%         2d6       34%         3
 Fireball                 Conj/Fire      9%         3d6       80%         5
 Manifold Assault         Tloc           19%        N/A       80%         5
 Agony                    Necr           8%         N/A       97%         5
 Dispersal                Tloc           9%         N/A       100%        6
 Starburst                Conj/Fire      9%         6d5       100%        6
 Storm Form               Tmut/Air       5%         N/A       100%        7


Dungeon Overview and Level Annotations

Branches:
Dungeon (7/15)             Temple (1/1) D:4

Altars:
Ashenzari
Cheibriados
Dithmenos
Elyvilon
Fedhas
Gozag
Makhleb
Nemelex Xobeh
Okawaru
Qazlal
Sif Muna
Trog
Uskayaw
Vehumet
Xom
Yredelemnul
Zin
The Shining One
Lugonu

Annotations:
D:3 exclusion: 2 downstairs
D:4 Edmund


Innate Abilities, Weirdness & Mutations

You cannot wear most types of armour.
You are amphibious.
You can wear up to eight rings at the same time.
Your skin changes colour to match your surroundings (Stealth+).
Your rubbery body absorbs attacks. (AC +1, EV +1)
((You are camouflaged near water. (Stealth+)))
You have tentacles for arms and can constrict up to eight enemies at once.


Message History

Here: a steam dragon (almost dead, catching its breath)
The floor, spattered with blood.
Unknown command.
You slash the steam dragon!
Your weapon exudes an aura of protection.
You kill the steam dragon!
You are engulfed in a cloud of scalding steam.
* * * LOW HITPOINT WARNING * * *
Your Long Blades skill increases to level 3!
A shadow imp comes into view.
Casting: Sandblast (safe; 1% risk of failure)
Confirm with . or Enter, or press ? or * to list all spells.
Aiming: Stone Arrow (dangerous; 4% risk of failure)
Press: ? - help, Shift-Dir - straight line, f - shadow imp
Aim: a shadow imp (71% to hit)
You feel a surge of power!
The stone arrow misses the shadow imp.
The shadow imp gestures at you. Pain shoots through your body!
* * * LOW HITPOINT WARNING * * *
Casting: Stone Arrow (dangerous; 4% risk of failure)
Confirm with . or Enter, or press ? or * to list all spells.
Aiming: Sandblast (safe; 1% risk of failure)
Press: ? - help, Shift-Dir - straight line, f/p - shadow imp
Aim: a shadow imp (81% to hit)
You feel a surge of power!
The blast of sand hits the shadow imp!
You kill the shadow imp!
b - 47 stones Your magical contamination has completely faded away.
A steam dragon comes into view.
Casting: Sandblast (safe; 1% risk of failure)
Confirm with . or Enter, or press ? or * to list all spells.
Aiming: Stone Arrow (dangerous; 4% risk of failure)
Press: ? - help, Shift-Dir - straight line, f - steam dragon
Aim: a steam dragon (74% to hit)
You feel a surge of power!
The stone arrow hits the steam dragon!!
The steam dragon is severely wounded.
The steam dragon breathes steam at you. The ball of steam hits you!!
You die...
Your body crumbles into a pile of gold.

###.#####..# #.###.####.#
#. #..# #.# #...##.# .
#..# #.# #....... ##
#..####.###.###...
.#####..#...#....# #.##
..$........###...###...
##D.##.#.#.#.##.....##
.######.§##.#.##.#####..##
.........§@.#.##.# #..#
###.....####.##.# #..#
#.##$## .....# #..# # #.#
#.#### #..# #.# ... ...#
#.# #.. #..# #.# ### #..
##.


There were no monsters in sight!

Vanquished Creatures
  A steam dragon (D:7)
  An orc warrior (D:7)
  2 ice beasts
  An ogre (D:4)
  A kobold brigand (D:6)
  5 scorpions
  A water moccasin skeleton (D:5)
  A howler monkey (D:7)
  A jelly (D:5)
  A bullfrog skeleton (D:5)
  A gnoll shaman (D:5)
  A hound (D:5)
  2 orc priests
  3 iguanas (D:6)
  4 orc wizards
  Natasha (thrice) (D:2)
  A hound skeleton (D:3)
  5 adders
  7 gnolls
  A howler monkey skeleton (D:6)
  A shadow imp (D:7)
  An ufetubus (D:5)
  3 worms
  A dart slug (D:2)
  14 orcs
  8 endoplasms
  5 giant cockroaches
  9 goblins
  2 hobgoblins
  14 kobolds
  2 quokkas
  10 ball pythons
  8 bats
  3 frilled lizards
  5 rats
129 creatures vanquished.

Vanquished Creatures (others)
  A wizard (D:6)
1 creature vanquished.

Grand Total: 130 creatures vanquished

Notes
Turn   | Place    | Note
-------+----------+-------------------------------------------
     0 | D:1      | CrazyMind the Octopode Earth Elementalist began the quest
                  | for the Orb.
     0 | D:1      | Reached XP level 1. HP: 11/11 MP: 3/3
   476 | D:1      | Reached XP level 2. HP: 12/17 MP: 5/5
   564 | D:1      | Learned a level 2 spell: Passwall
   594 | D:1      | Found a faded altar of an unknown god.
  1420 | D:1      | Reached XP level 3. HP: 19/21 MP: 6/6
  1424 | D:1      | Learned a level 3 spell: Stone Arrow
  1903 | D:2      | Noticed Natasha
  1909 | D:2      | Killed Natasha
  1910 | D:2      | Reached XP level 4. HP: 24/27 MP: 7/7
  2262 | D:2      | Noticed Natasha
  2272 | D:2      | Killed Natasha
  2453 | D:2      | Noticed Natasha
  2460 | D:2      | Killed Natasha
  2461 | D:2      | Reached skill level 1 in Conjurations
  2461 | D:2      | Reached XP level 5. HP: 32/32 MP: 3/9
  3292 | D:3      | Reached XP level 6. HP: 24/37 MP: 10/10
  3843 | D:3      | Found a snail-covered altar of Cheibriados.
  3845 | D:3      | Found a shimmering altar of Xom.
  3853 | D:3      | Found a sparkling altar of Nemelex Xobeh.
  4067 | D:4      | Found an opulent altar of Gozag.
  4074 | D:4      | Became a worshipper of Gozag Ym Sagoz the Greedy
  4088 | D:4      | Noticed a yak
  4088 | D:4      | Noticed a yak
  4088 | D:4      | Noticed a yak
  4088 | D:4      | Noticed a yak
  4156 | D:4      | Reached skill level 1 in Fighting
  4449 | D:4      | Found a staircase to the Ecumenical Temple.
  4490 | Temple   | Entered the Ecumenical Temple
  4616 | D:4      | Noticed Edmund
  4774 | D:5      | Entered Level 5 of the Dungeon
  4893 | D:5      | Reached XP level 7. HP: 40/43 MP: 6/13
  5105 | D:4      | Learned a level 2 spell: Blink
  5455 | D:5      | Got the Volume of Flamy Unholy Rites
  5592 | D:5      | Identified the +6 falchion of Optimality {protect, rElec
                  | rC++}
  5625 | D:4      | Noticed a yak
  5627 | D:4      | Reached skill level 5 in Earth Magic
  5870 | D:5      | Reached skill level 5 in Stealth
  5985 | D:6      | Found an iron altar of Okawaru.
  5991 | D:6      | Reached skill level 1 in Translocations
  6063 | D:6      | Reached skill level 1 in Long Blades
  6063 | D:6      | Reached XP level 8. HP: 48/48 MP: 2/15
  6249 | D:6      | Reached skill level 5 in Spellcasting
  6297 | D:6      | Found a broken altar of Ashenzari.
  6366 | D:6      | Found a radiant altar of Vehumet.
  6366 | D:6      | Found a white marble altar of Elyvilon.
  6366 | D:6      | Found a glowing silver altar of Zin.
  6520 | D:6      | Found a bloodstained altar of Trog.
  6521 | D:6      | Noticed a wizard
  6526 | D:6      | Killed a wizard
  6816 | D:6      | Found a glowing golden altar of the Shining One.
  6818 | D:6      | Noticed an angel
  6825 | D:6      | Found a basalt altar of Yredelemnul.
  6827 | D:6      | Noticed a profane servitor
  7867 | D:7      | Killed from afar by a steam dragon

Illustrated notes

Levels and vault maps discovered:
D:1:      minmay_arrival_up_and_down, layout_loops_ring,
          shapermc_ecumenical_altar_acropolis, minmay_pentomino_z2
D:2:      cheibrodos_helix_gallery, layout_basic, uniq_natasha
D:3:      layout_rooms, minitemple
D:4:      layout_basic, mainiacjoe_overflow_catwalk, temple_fountains,
          uniq_pikel, uniq_edmund
D:5:      layout_rooms
D:6:      layout_loops_ring, grunt_temple_overflow_holy_war,
          mainiacjoe_overflow_alcove_1, trog_wizard,
          chequers_temple_overflow_statue_of_worship, okawaru_gym_becter,
          kennysheep_generic_room_15
D:7:      layout_loops_ring, minmay_misc_feat_x,
          minmay_guarded_unrand_staff_of_olgreb, uniq_harold, uniq_menkaure,
          uniq_duvessa
Temple:   corrupted_temple

Skill      XL: |  1  2  3  4  5  6  7  8 |
---------------+-------------------------+-----
Stealth        | 3 4 5 |  5.3
Conjurations   | 1 2 3 |  3.9
Earth Magic    | 4 5 |  5.9
Spellcasting   | 3 4 5 |  5.9
Fighting       | 1 |  1.8
Translocations | 1 2 |  2.0
Long Blades    | 1 3 |  3.1
Dodging        | 3 |  3.2
Transmutations | |  1.0

Action                   |  1- 3 |  4- 6 |  7- 9 || total
-------------------------+-------+-------+-------++-------
Melee: Unarmed           |    16 |       |       ||    16
       Constrict         |    14 |    27 |    17 ||    58
       Whip              |     6 |       |       ||     6
       Tentacles         |     6 |    11 |    15 ||    32
       Dagger            |    56 |   100 |     9 ||   165
       Falchion          |       |       |    53 ||    53
Throw: Dart              |       |       |     7 ||     7
 Cast: Sandblast         |     6 |    47 |    31 ||    84
       Stone Arrow       |       |     4 |    23 ||    27
Invok: Potion Petition   |       |       |     1 ||     1
  Use: Scroll            |       |     3 |       ||     3
 Stab: Sleeping          |    12 |     5 |     4 ||    21
       Distracted        |       |     2 |       ||     2
Armor: Skin              |     5 |    26 |    15 ||    46
Dodge: Dodged            |    39 |    86 |    46 ||   171
       Rpst.: Falchion   |       |       |    12 ||    12
